 Dungeon Crawl Stone Soup version 0.31-a0-263-ge8cad7f256 (webtiles) character file.

Game seed: 3367710987084467179

4 qw the Shooter (level 1, -6/16 HPs)
             Began as a Minotaur Hexslinger on July 13, 2023.
             Mangled by a gnoll
             ... wielding a +0 whip
              (7 damage)
             ... on level 1 of the Dungeon.
             The game lasted 00:00:03 (117 turns).

qw the Shooter (Minotaur Hexslinger)                 Turns: 117, Time: 00:00:04

Health: -6/16      AC:  2    Str: 12    XL:     1   Next: 58%
Magic:  1/1        EV: 12    Int: 10    God:
Gold:   24         SH:  0    Dex: 12    Spells: 1/2 levels left

rFire   . . .        a - +1 sling
rCold   . . .        (no shield)
rNeg    . . .        c - +0 robe
rPois   .            (helmet restricted)
rElec   .            (no cloak)
rCorr   .            (no gloves)
SInv    .            (no boots)
Will    .....        (no amulet)
Stlth   +            (no ring)
HPRegen 0.22/turn    (no ring)
MPRegen 0.07/turn

%: no passive effects
@: no status effects
A: horns 2, retaliatory headbutt
a: no special abilities


You were on level 1 of the Dungeon.
You visited 1 branch of the dungeon, and saw 1 of its levels.

You collected 24 gold pieces.


Innate Abilities, Weirdness & Mutations

You have a pair of horns on your head.
You reflexively headbutt those who attack you in melee.


   Skills:
 - Level 1.2 Fighting
 + Level 2.7 Ranged Weapons
 - Level 2.1 Dodging
 - Level 1.0 Spellcasting
 - Level 2.0 Hexes


You had one spell level left.
You knew the following spells:

 Your Spells              Type           Power      Damage    Failure   Level
a - Slow                  Hex            16%        N/A       16%         1

Your spell library contained the following spells:

 Spells                   Type           Power      Damage    Failure   Level
 Inner Flame              Hex/Fire       2%         N/A       56%         3
 Portal Projectile        Hex/Tloc       4%         N/A       56%         3
 Cause Fear               Hex            2%         N/A       83%         4

Inventory:

Hand Weapons
 a - a +1 sling (weapon)
Armour
 c - a +0 robe (worn)
 h - a +0 ring mail
Jewellery
 d - a ring of flight
Scrolls
 b - a scroll of poison
 i - a scroll of teleportation {unknown}
Potions
 e - a potion of invisibility {unknown}
 f - a potion of heal wounds {unknown}
 g - a potion of cancellation {unknown}

Dungeon Overview and Level Annotations

Branches:
Dungeon (1/15)

Altars:


Message History

You shoot a sling bullet. The sling bullet hits the dart slug.
The dart slug is lightly wounded.
You hear a shout!
You hear an angry hiss.
You hear a shout!
You shoot a sling bullet. The sling bullet hits the dart slug.
The dart slug is heavily wounded.
A gnoll comes into view. It is wielding a +0 whip.
You shoot a sling bullet. The sling bullet hits the gnoll.
The gnoll is lightly wounded.
A frilled lizard comes into view.
The gnoll barely misses you.
You shoot a sling bullet.
The sling bullet hits the gnoll but does no damage.
The gnoll is lightly wounded.
The gnoll barely misses you.
You shoot a sling bullet. The sling bullet hits the gnoll.
The gnoll is heavily wounded.
The gnoll hits you with a +0 whip.
You shoot a sling bullet. The sling bullet hits the gnoll.
The gnoll is heavily wounded.
The gnoll barely misses you. The gnoll hits you with a +0 whip!
Ouch! That really hurt!
You shoot a sling bullet.
The sling bullet hits the gnoll but does no damage.
The gnoll is heavily wounded.
The gnoll hits you with a +0 whip.
You shoot a sling bullet.
The sling bullet closely misses the gnoll.
The sling bullet hits the frilled lizard.
You kill the frilled lizard!
The gnoll barely misses you.
An endoplasm comes into view.
The dart slug closely misses you.
You shoot a sling bullet.
The sling bullet barely misses the gnoll.
The endoplasm quivers.
The gnoll hits you with a +0 whip. The dart slug misses you.
You furiously retaliate!
You headbutt the dart slug!
You kill the dart slug!
The gnoll hits you with a +0 whip!
You die...

....#####......#
..........##...#
..:....#####...#
.#######...###.##
...(.# #........#
.....#
#..####..######
...### ##......#
.###
#..#####...#..#J.
##
#........@g%.....
#..########..#...
....# .#....
#.... ..# #


You could see a gnoll and an endoplasm.

Vanquished Creatures
  A dart slug (D:1)
  An endoplasm (D:1)
  A goblin (D:1)
  A hobgoblin (D:1)
  A frilled lizard (D:1)
5 creatures vanquished.

Notes
Turn   | Place    | Note
-------+----------+-------------------------------------------
     0 | D:1      | qw the Minotaur Hexslinger began the quest for the Orb.
     0 | D:1      | Reached XP level 1. HP: 16/16 MP: 1/1
     0 | D:1      | 0 ||| qw: Version: 0.3-a-52-g30416fa
     0 | D:1      | 0 ||| qw: Game counter: 7269
     0 | D:1      | 0 ||| qw: Melee chars always use a shield: true
     0 | D:1      | 0 ||| qw: God list: Okawaru
     0 | D:1      | 0 ||| qw: Allow faded altars: false
     0 | D:1      | 0 ||| qw: Do Orc after clearing Dungeon:15 true
     0 | D:1      | 0 ||| qw: Do second Lair branch before Depths: true
     0 | D:1      | 0 ||| qw: Lair rune preference: random
     0 | D:1      | 0 ||| qw: Goals: Normal
     0 | D:1      | 0 ||| PLANNING D:1-11
   117 | D:1      | HP: 1/16 [gnoll/+0 whip (5)]
   117 | D:1      | Mangled by a gnoll

Levels and vault maps discovered:
D:1:      ncdulo_smallfort, layout_rooms, shapermc_ecumenical_altar_hornbeckon,
          minmay_tiny_reverse_x

Action                     || total
---------------------------++-------
   Fire: Sling             ||    17
  Dodge: Dodged            ||     6

Table legend:
 A = Non-vault XP
 B = Vault XP
 C = Vault XP percentage of total XP
 D = Non-vault monster count
 E = Vault monster count
 F = Vault count percentage of total count
                 A         B        C        D         E       F
            +---------+---------+-------+---------+---------+-------
      Total |      11 |       0 |   0.0 |       5 |       0 |   0.0
            +---------+---------+-------+---------+---------+-------
        D:1 |      11 |       0 |   0.0 |       5 |       0 |   0.0
            +---------+---------+-------+---------+---------+-------
